 Dungeon Crawl Stone Soup version 0.22.0-32-gbc6daba (webtiles) character file.

555 KLATTERAL the Slasher (level 7, -8/54 HPs)
             Began as a Demonspawn Monk on Aug 23, 2018.
             Killed from afar by an orc wizard (11 damage)
             ... with a puff of frost
             ... on level 5 of the Dungeon.
             The game lasted 00:22:23 (4606 turns).

KLATTERAL the Slasher (Demonspawn Monk)             Turns: 4606, Time: 00:22:24

Health: -8/54      AC:  3    Str: 11    XL:     7   Next: 8%
Magic:  0/7        EV: 20    Int: 12    God:
Gold:   219        SH:  3    Dex: 22    Spells: 6/6 levels left

rFire    . . .     SeeInvis .   a - +0 falchion
rCold    . . .     Gourm    .   (no shield)
rNeg     . . .     Faith    .   b - +0 leather armour
rPois    .         Spirit   +   (helmet restricted)
rElec    .         Reflect  +   (no cloak)
rCorr    +         Harm     .   (no gloves)
MR       +....                  (no boots)
Stlth    +++.......             g - +3 amulet of reflection
HPRegen  0.18/turn              n - ring of protection from magic
MPRegen  0.10/turn              r - ring of resist corrosion

@: agile
A: horns 2, magic shield
a: no special abilities


You were on level 5 of the Dungeon.
You were not hungry.

You visited 1 branch of the dungeon, and saw 5 of its levels.

You collected 219 gold pieces.

Inventory:

Hand Weapons
 a - a +0 falchion (weapon)
Missiles
 d - 88 arrows
Armour
 b - a +0 leather armour (worn)
Jewellery
 g - a +3 amulet of reflection (around neck)
 n - a ring of protection from magic (left hand)
 r - a ring of resist corrosion (right hand)
Scrolls
 f - 2 scrolls of identify {unknown}
 h - 4 scrolls of teleportation
 j - a scroll of amnesia {unknown}
 k - a scroll of fear {unknown}
 p - a scroll of noise {unknown}
 q - a scroll of blinking {unknown}
Potions
 e - 2 potions of degeneration {unknown}
 l - a potion of lignification {unknown}
 m - a potion of curing {unknown}
 o - 2 potions of ambrosia {unknown}
Comestibles
 c - 4 rations


   Skills:
 + Level 4.2 Fighting
 + Level 4.7 Long Blades
   Level 0.2 Slings
 + Level 2.9 Armour
 * Level 4.2 Dodging
 + Level 2.4 Stealth


You had 6 spell levels left.
You didn't know any spells.
Your spell library was empty.

Dungeon Overview and Level Annotations

Branches:
Dungeon (5/15)
 Temple: D:4-7

Altars:
Ru


Innate Abilities, Weirdness & Mutations

You have a pair of horns on your head.
When hurt, damage is shared between your health and your magic reserves.


Message History

* * * LOW HITPOINT WARNING * * *
You block the orc's attack.
The orc wizard hits you with a long sword.
* * * LOW HITPOINT WARNING * * *
Items here: )) ††† a flail; a dagger; an orc corpse x3
You feel agile all of a sudden. The orc wizard casts a spell at you.
The puff of frost hits you!
* * * LOW HITPOINT WARNING * * *
The orc misses you. The orc wizard closely misses you.
You riposte.
You barely miss the orc wizard. You headbutt the orc wizard!
The orc wizard is heavily wounded.
You block the orc's attack.
The orc wizard gestures at you while chanting.
The puff of flame misses you. The orc wizard casts a spell at you.
The puff of frost hits you!
You die...

#.# #.# #.# #.#
#.# .########.#
........#.#####
.......oo..@..#
#######.#####.#
#.# #.# ..# #.#
#### #.# #.#
#.# #.# #.#


You could see an orc wizard and an orc.

Vanquished Creatures
  A phantom (D:3)
  A bullfrog (D:4)
  A howler monkey (D:4)
  A crimson imp (D:5)
  3 orc wizards
  A bullfrog skeleton (D:4)
  2 worker ants (D:4)
  10 adders
  An adder skeleton (D:4)
  2 worms
  2 dart slugs (D:3)
  2 leopard geckos
  9 orcs
  2 ball pythons
  4 bats
  3 giant cockroaches
  9 goblins
  3 hobgoblins
  7 jackals (D:2)
  A quokka (D:4)
  7 frilled lizards
  2 kobolds (D:1)
  3 rats
77 creatures vanquished.

Notes
Turn   | Place    | Note
-------+----------+-------------------------------------------
     0 | D:1      | KLATTERAL the Demonspawn Monk began the quest for the Orb.
     0 | D:1      | Reached XP level 1. HP: 18/18 MP: 1/1
   290 | D:1      | Gained mutation: When hurt, damage is shared between your health and your magic reserves. [demonic ancestry]
   290 | D:1      | Reached XP level 2. HP: 14/24 MP: 2/2
  1355 | D:2      | Reached XP level 3. HP: 26/29 MP: 1/3
  1553 | D:2      | Gained mutation: You have a pair of small horns on your head. [demonic ancestry]
  1553 | D:2      | Reached XP level 4. HP: 31/37 MP: 2/4
  1946 | D:2      | Found a sacrificial altar of Ru.
  2376 | D:3      | Noticed a phantom
  2624 | D:3      | Gained mutation: You have a pair of horns on your head. [demonic ancestry]
  2624 | D:3      | Reached XP level 5. HP: 23/42 MP: 2/5
  2629 | D:3      | Reached skill level 1 in Armour
  2905 | D:3      | Killed a phantom
  3458 | D:4      | Reached XP level 6. HP: 37/48 MP: 6/6
  4497 | D:5      | Entered Level 5 of the Dungeon
  4500 | D:5      | Reached XP level 7. HP: 54/54 MP: 7/7
  4606 | D:5      | Killed from afar by an orc wizard

Skill      XL: |  1  2  3  4  5  6 |
---------------+-------------------+-----
Long Blades    | 3 4 |  4.7
Dodging        | 3 4 |  4.2
Stealth        | 2 |  2.4
Armour         | 1 2 |  2.9
Fighting       | 4 |  4.2
Slings         | |  0.2

Action                   |  1- 3 |  4- 6 |  7- 9 || total
-------------------------+-------+-------+-------++-------
Melee: Falchion          |    92 |   194 |    18 ||   304
       Headbutt          |       |    50 |     5 ||    55
 Fire: Hunting sling     |    24 |       |       ||    24
  Use: Scroll            |     3 |     2 |       ||     5
       Potion            |       |     1 |     1 ||     2
 Stab: Sleeping          |     1 |     4 |       ||     5
  Eat: Chunk             |     2 |     4 |       ||     6
       Ration            |       |     2 |       ||     2
Armor: Robe              |    15 |       |       ||    15
       Ring mail         |    16 |    37 |       ||    53
       Leather armour    |       |    11 |     1 ||    12
Dodge: Dodged            |    78 |   118 |    14 ||   210
Block: Other             |    12 |    23 |     5 ||    40
       Rpst.: Falchion   |    16 |    40 |     4 ||    60
